 Dungeon Crawl Stone Soup version 0.29.0-11-gd7f09526c8 (webtiles) character file.

Game seed: 10683369481275937124

158 magipi the Chopper (level 5, -3/32 HPs)
             Began as a Gargoyle Fighter on Sept 6, 2022.
             Killed by divine providence
             ... invoked by an orc priest
              (8 damage)
             ... on level 3 of the Dungeon.
             The game lasted 00:05:22 (1303 turns).

magipi the Chopper (Gargoyle Fighter)               Turns: 1303, Time: 00:05:23

Health: -3/32      AC: 10    Str: 22    XL:     5   Next: 40%
Magic:  0/5        EV:  9    Int:  8    God:
Gold:   101        SH:  4    Dex:  9    Spells: 4/4 levels left

rFire   . . .      SeeInvis .   a - +0 war axe
rCold   . . .      Faith    .   c - +0 buckler
rNeg    + . .      Spirit   +   b - +0 scale mail
rPois   ∞          Reflect  .   (no helmet)
rElec   +          Harm     .   (no cloak)
rCorr   .          Rampage  .   (no gloves)
Will    .....                   (no boots)
Stlth   ..........              r - amulet of guardian spirit
HPRegen 0.10/turn               (no ring)
MPRegen 0.09/turn               (no ring)

@: no status effects
A: sickness immunity, AC +4, negative energy resistance 1, electricity
resistance, torment resistance 1, petrification resistance
a: no special abilities


You were on level 3 of the Dungeon.
You visited 1 branch of the dungeon, and saw 3 of its levels.

You collected 101 gold pieces.

Inventory:

Hand Weapons
 a - a +0 war axe (weapon)
Armour
 b - a +0 scale mail (worn)
 c - a +0 buckler (worn)
Jewellery
 r - an amulet of guardian spirit (around neck)
Scrolls
 e - 4 scrolls of identify {unknown}
 g - 2 scrolls of enchant armour {unknown}
 i - a scroll of magic mapping {unknown}
 j - a scroll of enchant weapon {unknown}
 k - 2 scrolls of teleportation {unknown}
 l - 4 scrolls of blinking {unknown}
Potions
 d - a potion of might
 f - a potion of ambrosia {unknown}
 h - a potion of invisibility {unknown}
 m - a potion of berserk rage {unknown}
 n - a potion of lignification {unknown}
 o - a potion of degeneration {unknown}
 p - a potion of flight {unknown}
 q - a potion of heal wounds {unknown}


   Skills:
 - Level 3.2 Fighting
 + Level 5.0 Axes
 - Level 3.2 Armour
 - Level 3.2 Shields


You had 4 spell levels left.
You didn't know any spells.
Your spell library was empty.

Dungeon Overview and Level Annotations

Branches:
Dungeon (3/15)

Altars:


Innate Abilities, Weirdness & Mutations

You are immune to sickness and miasma.
Your stone body is resilient. (AC +4)
You are immune to poison.
You resist negative energy. (rN+)
You are resistant to electric shocks. (rElec)
You are resistant to unholy torment.
You are immune to petrification.


Message History

The orc wizard hits you with a +0 dagger.
Unknown command.
You hit the orc priest.
The orc priest is almost dead.
You closely miss the orc. You hit the orc wizard.
You kill the orc wizard!
The orc hits you with a +0 hand axe.
The orc priest invokes the aid of Beogh against you.
Beogh smites you!
* * * LOW HITPOINT WARNING * * *
You hit the orc priest but do no damage.
The orc priest is almost dead.
You closely miss the orc. The orc hits you but does no damage.
The orc priest casts a cantrip, but nothing happens.
The orc priest invokes the aid of Beogh against you.
You barely resist. The hobgoblin barely misses you.
The orc hits you with a +0 hand axe.
* * * LOW HITPOINT WARNING * * *
Unknown command.
You barely miss the orc priest.
The orc priest is almost dead.
You slash the hobgoblin!
You kill the hobgoblin!
You hit the orc. You barely miss the kobold. The orc priest barely misses you.
The kobold hits you but does no damage. The orc misses you.
Unknown command.
You barely miss the orc priest.
The orc priest is almost dead.
You closely miss the orc. You hit the kobold.
You kill the kobold!
The orc priest hits you but does no damage.
The orc completely misses you.
Your Axes skill increases to level 5!
Unknown command.
You hit the orc priest.
The orc priest is almost dead.
You hit the orc.
The orc priest invokes the aid of Beogh against you.
Beogh smites you!
You die...

# .#### .....
######.... #......#
.
########...)o.#....
#......'...@).....)
#.######..o...#....
#.# ###....# # #.#
######....# #.#
#.........#
#####.###.....###.#
#.......'.........#
#########.....#####
#...........


You could see an orc priest and an orc.

Vanquished Creatures
  An orc wizard (D:3)
  4 gnolls (D:2)
  3 adders (D:2)
  A dart slug (D:1)
  2 orcs (D:3)
  6 bats
  4 endoplasms
  4 giant cockroaches
  5 goblins
  5 hobgoblins
  8 kobolds
  3 quokkas
  8 ball pythons
  7 frilled lizards
  6 rats
67 creatures vanquished.

Notes
Turn   | Place    | Note
-------+----------+-------------------------------------------
     0 | D:1      | magipi the Gargoyle Fighter began the quest for the Orb.
     0 | D:1      | Reached XP level 1. HP: 14/14 MP: 1/1
    32 | D:1      | Reached skill level 2 in Axes
    96 | D:1      | Reached XP level 2. HP: 14/19 MP: 2/2
   231 | D:1      | Reached skill level 3 in Axes
   312 | D:1      | Reached XP level 3. HP: 22/23 MP: 3/3
   621 | D:2      | Reached XP level 4. HP: 21/28 MP: 4/4
   640 | D:2      | Reached skill level 4 in Axes
   946 | D:2      | Reached XP level 5. HP: 32/32 MP: 5/5
  1303 | D:3      | Reached skill level 5 in Axes
  1303 | D:3      | Killed from afar by an orc priest

Illustrated notes

Levels and vault maps discovered:
D:1:      dpeg_arrival_central, layout_basic
D:2:      minmay_angry_zag, layout_basic, serial_bayou_pond_d,
          pf_guarded_unrand_woodcutter
D:3:      layout_basic, hellmonk_ecumenical_altar_leap_of_faith

Skill      XL: |  1  2  3  4  5 |
---------------+----------------+-----
Axes           | 2 3 4 5 |  5.0
Fighting       | |  3.2
Armour         | |  3.2
Shields        | |  3.2

Action                   |  1- 3 |  4- 6 || total
-------------------------+-------+-------++-------
Melee: War axe           |    81 |    70 ||   151
Armor: Scale mail        |    63 |    45 ||   108
Dodge: Dodged            |    37 |    46 ||    83
Block: Buckler           |    22 |     9 ||    31
